 Dungeon Crawl Stone Soup version 0.32-a0-768-g0f6f1dd4b9 (webtiles) character file.

Game seed: 8847326056075740262

2292 ezpacito the Trooper (level 9, -14/69 HPs)
             Began as a Coglin Chaos Knight on Mar 18, 2024.
             Was a Plaything of Xom.
             Killed by vampiric draining
             ... invoked by a vampire
              (22 damage)
             ... on level 6 of the Dungeon.
             The game lasted 00:08:23 (4488 turns).

ezpacito the Trooper (Coglin Chaos Knight)          Turns: 4488, Time: 00:08:24

Health: -14/69     AC:  8    Str: 16    XL:     9   Next: 40%
Magic:  13/13      EV: 12    Int: 13    God:    Xom [...*..]
Gold:   430        SH:  0    Dex: 13    Spells: 13/13 levels left

rFire   . . .        m - +1 war axe (venom) {Kulveer}
rCold   . . .        a - +0 hand axe (chaos) {Bor}
rNeg    . . .        D - +2 leather armour {rF+}
rPois   .            p - +0 helmet
rElec   .            (no cloak)
rCorr   .            (no gloves)
SInv    .            u - +0 pair of boots
Will    .....        (amulet unavailable)
Stlth   ++           (ring unavailable)
HPRegen 0.31/turn    (ring unavailable)
MPRegen 0.13/turn    (no gizmo)

%: no passive effects
@: cleaving, revved
A: off-hand wielding, slow wielding, warmup strikes, no jewellery, heat
vulnerability 1
a: Invent Gizmo, Renounce Religion


You were on level 6 of the Dungeon.
You worshipped Xom.
You were a favourite toy of Xom.
You visited 1 branch of the dungeon, and saw 6 of its levels.

You collected 471 gold pieces.
You spent 41 gold pieces at shops.

Inventory:

Hand Weapons
 a - a +0 hand axe of chaos (offhand) {Bor}
 b - a +3 whip
 c - a +2 whip of flaming
 d - a +0 trident
 e - a +2 vampiric short sword {Sanghe}
 h - a +1 mace of holy wrath {Waqi}
 m - a +1 war axe of venom (weapon) {Kulveer}
Missiles
 x - 3 poisoned darts (quivered)
Armour
 f - a +0 chain mail
 l - a +0 plate armour
 p - a +0 helmet (worn)
 u - a +0 pair of boots (worn)
 D - a +2 leather armour of fire resistance (worn)
Magical Staves
 w - a staff of fire
Wands
 g - a wand of warping (9)
 y - a wand of acid (3)
Scrolls
 j - a scroll of poison {unknown}
 k - a scroll of torment {unknown}
 o - a scroll of fog
 s - a scroll of brand weapon {unknown}
 t - 2 scrolls of teleportation
 v - a scroll of enchant armour {unknown}
 z - a scroll of immolation
 A - a scroll of silence {unknown}
 C - a scroll of noise {unknown}
 E - a scroll of amnesia {unknown}
Potions
 n - 2 potions of resistance
 r - a potion of attraction


   Skills:
 * Level 5.8 Fighting
 * Level 5.8(6.2) Axes
 + Level 2.9(4.5) Polearms
 * Level 4.6 Armour
 * Level 4.4 Dodging
 + Level 3.1 Stealth
 + Level 2.8 Spellcasting
 + Level 4.0 Evocations


You had 13 spell levels left.
You didn't know any spells.
Your spell library contained the following spells:

 Spells                   Type           Power      Damage    Failure   Level
 Sandblast                Erth           2%         2d4       28%         1
 Slow                     Hex            4%         N/A       28%         1
 Summon Small Mammal      Summ           4%         N/A       28%         1
 Blink                    Tloc           2%         N/A       38%         2
 Call Imp                 Summ           2%         N/A       38%         2
 Confusing Touch          Hex            1%         N/A       63%         3
 Frozen Ramparts          Ice            2%         1d1       63%         3
 Ozocubu's Armour         Ice            1%         N/A       63%         3
 Stone Arrow              Conj/Erth      2%         3d7       63%         3
 Vampiric Draining        Necr           1%         2d6       63%         3
 Brom's Barrelling Bould  Conj/Erth      1%         2d3       95%         4
 Metabolic Englaciation   Hex/Ice        0%         N/A       100%        5
 Summon Cactus Giant      Summ           0%         N/A       100%        6
 Haunt                    Necr/Summ      0%         N/A       100%        7


Dungeon Overview and Level Annotations

Branches:
Dungeon (6/15)
 Temple: D:4-7

Altars:
Cheibriados
Dithmenos
Gozag
Ru
Sif Muna
Wu Jian
Yredelemnul

Shops:
D:1 *   D:6 :


Innate Abilities, Weirdness & Mutations

You can wield a second weapon in your off-hand.
It takes a long time for you to wield or remove held weapons.
Your first few attacks do less damage.
You cannot equip rings or amulets.
You are vulnerable to heat. (rF-)


Message History

You take 3 damage, and have 42/69 hp.
Cleave: m) +1 war axe (venom) {Kulveer}
Press: ? - help, Dir - move target, f/p - vampire
Aim: a vampire (moderately damaged, about 38% to evade your +1 war axe of venom)
You hit the vampire with your +1 war axe of venom.
The vampire is heavily damaged.
You slash the vampire with your +0 hand axe of chaos!
You freeze the vampire. The vampire hits you. The vampire bites you.
The vampire draws strength from your injuries!
The vampire hits you.
The vampire bites you but does no damage.
You take 6 damage, and have 36/69 hp.
Aiming: Corrosive Bolt
Press: ? - help, Shift-Dir - straight line, f/p - vampire
Aim: a vampire (heavily damaged, 74% to hit)
The bolt of acid hits the vampire!
The vampire is almost destroyed.
The vampire misses you. The vampire barely misses you.
You hit the vampire but do no damage.
The vampire is almost destroyed.
You hit the vampire but do no damage. The vampire draws life force from you!
The vampire is healed by the life force!
You take 14 damage, and have 22/69 hp.
MASSIVE DAMAGE!!
Cleave: m) +1 war axe (venom) {Kulveer}
Press: ? - help, Dir - move target, f/p - vampire
Aim: a vampire (severely damaged, about 38% to evade your +1 war axe of venom)
You closely miss the vampire with your +0 hand axe of chaos.
The vampire is severely damaged.
You hit the vampire but do no damage. The vampire draws life force from you!
* * * LOW HITPOINT WARNING * * *
The vampire is healed by the life force!
You take 14 damage, and have 8/69 hp.
MASSIVE DAMAGE!!
Aiming: Corrosive Bolt
Press: ? - help, Shift-Dir - straight line, f/p - vampire
Aim: a vampire (moderately damaged, 74% to hit)
The bolt of acid hits the vampire!!
The vampire is almost destroyed.
The vampire draws life force from you!!
You die...
Xom cackles wildly!

#............# ##..
..#..#..##..###....
..####...#..#......
.#.###...##....#### ##
##.......#...#....# .#
...##..#.†...###..# ..# .
.....##.##...#..###.##
#.##...##.###..V#.....?##
.....#..##....@.......#
##..........>.........##
#......#....$...##.#.#
.......##...........##
.###.............#
................#
!.........##...### ...
.........## ..## ...


You could see a vampire.

Vanquished Creatures
  Pikel (D:4)
  Grinder (D:5)
  3 water moccasins (D:5)
  An orc warrior (D:6)
  An ice beast (D:5)
  2 phantoms
  2 scorpions
  A killer bee (D:5)
  A howler monkey (D:5)
  3 hounds
  A bombardier beetle (D:5)
  A gnoll bouda (D:5)
  A jelly (D:5)
  2 orc priests (D:6)
  A sleepcap (D:6)
  Jessica (D:2)
  3 iguanas
  Natasha (thrice) (D:2)
  An orc wizard (D:6)
  Robin (D:2)
  14 gnolls
  7 adders
  A shadow imp (D:6)
  A white imp (D:6)
  The ghost of Esekla the Sneak, a weakling OpDe (D:5)
  A dart slug (D:2)
  5 ribbon worms
  12 orcs
  6 endoplasms
  2 giant cockroaches (D:1)
  17 goblins
  5 hobgoblins
  3 jackals (D:1)
  4 quokkas
  8 ball pythons
  4 bats
  2 frilled lizards (D:2)
  8 kobolds
  8 rats
140 creatures vanquished.

Notes
Turn   | Place    | Note
-------+----------+-------------------------------------------
     0 | D:1      | ezpacito the Coglin Chaos Knight began the quest for the
                  | Orb.
     0 | D:1      | Reached XP level 1. HP: 18/18 MP: 1/1
    21 | D:1      | XOM: silly message
   128 | D:1      | XOM: silly message
   168 | D:1      | Reached skill level 1 in Dodging
   168 | D:1      | Reached XP level 2. HP: 24/24 MP: 2/2
   183 | D:1      | XOM: torment (13/24 hp)
   237 | D:1      | XOM: blink monster(s)
   404 | D:1      | Found Jissapod's Assorted Antiques.
   410 | D:1      | Bought a scroll labelled OKEEFR OZITAJE for 22 gold pieces
   410 | D:1      | Bought a lumpy clear potion for 19 gold pieces
   432 | D:1      | Reached XP level 3. HP: 24/29 MP: 3/3
   731 | D:2      | Noticed Jessica
   736 | D:2      | Killed Jessica
   737 | D:2      | Reached XP level 4. HP: 14/35 MP: 3/5
   857 | D:2      | Noticed Natasha
   863 | D:2      | Killed Natasha
   936 | D:2      | Found a faded altar of an unknown god.
   947 | D:2      | Noticed Robin
   958 | D:2      | Killed Robin
   971 | D:2      | Reached XP level 5. HP: 21/42 MP: 6/6
  1105 | D:2      | Reached skill level 1 in Stealth
  1173 | D:2      | Reached skill level 1 in Spellcasting
  1258 | D:2      | Noticed Natasha
  1262 | D:2      | XOM: stat loss: -1 Int (11/12)
  1268 | D:2      | Killed Natasha
  1349 | D:2      | Noticed Natasha
  1357 | D:2      | Killed Natasha
  1358 | D:2      | Reached skill level 1 in Polearms
  1475 | D:2      | Got the Discourse on Angles and Beckoning
  1588 | D:3      | Reached XP level 6. HP: 32/48 MP: 7/7
  1613 | D:3      | XOM: enchant monster (bad)
  1698 | D:3      | Reached skill level 1 in Evocations
  1776 | D:3      | XOM: summons 4 hostile demons
  2173 | D:3      | XOM: noise
  2271 | D:3      | XOM: stat loss: -1 Str (13/14)
  2662 | D:4      | Noticed Pikel
  2665 | D:4      | XOM: summons 4 hostile demons
  2667 | D:4      | XOM: stat loss: -1 Int (11/12)
  2677 | D:4      | XOM: summons friendly white imp
  2680 | D:4      | Killed Pikel
  2681 | D:4      | Reached XP level 7. HP: 28/55 MP: 9/9
  2681 | D:4      | Reached XP level 8. HP: 31/61 MP: 10/10
  2786 | D:4      | Found an ornate altar of the Wu Jian Council.
  2835 | D:4      | Found a snail-covered altar of Cheibriados.
  2889 | D:4      | Found a shadowy altar of Dithmenos.
  3141 | D:4      | XOM: summons 3 hostile demons
  3168 | D:4      | XOM: give mutation
  3168 | D:4      | Gained mutation: You are vulnerable to heat. (rF-) [Xom's
                  | mischief]
  3172 | D:4      | Found a sacrificial altar of Ru.
  3199 | D:5      | Entered Level 5 of the Dungeon
  3287 | D:5      | XOM: potion effect (brilliance)
  3326 | D:5      | Reached skill level 5 in Fighting
  3344 | D:5      | XOM: 1-stop teleportation journey
  3347 | D:5      | Noticed Esekla's ghost (weakling OpDe)
  3355 | D:5      | Reached skill level 5 in Axes
  3438 | D:5      | XOM: 2-stop teleportation journey
  3546 | D:5      | Noticed Grinder
  3560 | D:5      | Paralysed by Grinder for 3 turns
  3565 | D:5      | Killed Grinder
  3745 | D:5      | Found a runed translucent gate.
  3745 | D:5      | Found a runed translucent gate.
  3745 | D:5      | Found a runed translucent gate.
  3960 | D:5      | Reached XP level 9. HP: 49/68 MP: 12/12
  3961 | D:5      | Killed Esekla's ghost
  4124 | D:6      | Found Gythrig's Vocational Training.
  4246 | D:6      | Found a shimmering blue altar of Sif Muna.
  4246 | D:6      | XOM: 3-stop teleportation journey
  4247 | D:6      | Found an opulent altar of Gozag.
  4249 | D:6      | Found a basalt altar of Yredelemnul.
  4482 | D:6      | XOM: cleaving
  4488 | D:6      | Killed from afar by a vampire

Illustrated notes

Levels and vault maps discovered:
D:1:      minmay_arrival_checkered_box, layout_loops_ring, serial_shops,
          nicolae_shop_overgrown_old_shop
D:2:      layout_rooms, shapermc_ecumenical_altar_pompeii, minmay_quantized,
          uniq_robin, uniq_jessica, uniq_natasha
D:3:      layout_loops_ring, serial_forest, infiniplex_forest_join,
          infiniplex_forest_corner_1, infiniplex_forest_clump_tiny,
          infiniplex_forest_lined_3_way, infiniplex_forest_clump_curved,
          infiniplex_forest_clump_tiny, infiniplex_forest_straight_3,
          infiniplex_forest_clump_cross, infiniplex_forest_clump_small,
          minmay_misc_feat_square
D:4:      layout_cave_pools, nicolae_ru_path_of_blood,
          nicolae_overflow_hidden_temple, mainiacjoe_overflow_tiny_flanked,
          lemuel_doored_altar, uniq_pikel
D:5:      layout_cave_pools, gammafunk_ghost_split, grunt_ministairs_15,
          uniq_grinder
D:6:      layout_cave_pools, grunt_temple_overflow_open,
          nicolae_shop_vocational, uniq_crazy_yiuf_cottage

Skill      XL: |  1  2  3  4  5  6  7  8  9 |
---------------+----------------------------+-----
Dodging        | 1 2 3 4 |  4.4
Armour         | 2 3 4 |  4.6
Stealth        | 1 2 3 |  3.1
Spellcasting   | 1 2 |  2.8
Polearms       | 1 2 |  2.9
Fighting       | 4 5 |  5.8
Evocations     | 2 3 4 |  4.0
Axes           | 4 5 |  5.8

Action                     |  1- 3 |  4- 6 |  7- 9 || total
---------------------------+-------+-------+-------++-------
  Melee: Hand axe          |    42 |   123 |   122 ||   287
         Dagger            |     6 |       |       ||     6
         Short sword       |    11 |       |       ||    11
         Mace              |    13 |       |       ||    13
         War axe           |     8 |   117 |   125 ||   250
  Evoke: Wand              |       |     5 |     5 ||    10
    Use: Scroll            |       |     2 |     8 ||    10
         Potion            |       |     1 |     7 ||     8
   Stab: Petrifying        |       |     1 |       ||     1
         Petrified         |       |     2 |       ||     2
         Confused          |       |       |     1 ||     1
         Sleeping          |       |       |     1 ||     1
 Armour: Leather armour    |     6 |       |    65 ||    71
         Chain mail        |    28 |   157 |    70 ||   255
  Dodge: Dodged            |    20 |    69 |    77 ||   166

Table legend: (Time is in decaauts)
 A = Elapsed time spent in this place.
 B = Non-inter-level travel time spent in this place.
 C = Inter-level travel time spent in this place.
 D = Time resting spent in this place.
 E = Time spent auto-exploring this place.
 F = Levels seen in this place.
 G = Mean time per level.
                   A        B        C        D        E       F      G
               +--------+--------+--------+--------+--------+-----+--------+
         Total |   4544 |   4391 |    153 |    243 |   3205 |   6 |  757.3 |
       Dungeon |   4544 |   4391 |    153 |    243 |   3205 |   6 |  757.3 |
               +--------+--------+--------+--------+--------+-----+--------+

Top non-repeatable levels by time:
     D:3: 943 daAuts
     D:2: 875 daAuts
     D:5: 837 daAuts
     D:4: 833 daAuts
     D:1: 678 daAuts
     D:6: 374 daAuts
